 Dungeon Sprint DCSS version 0.30-a0-279-g4b46babb21 (webtiles) character file.

Game seed: 1176611689860396133

10659 rocky1 the Black Belt (level 11, -1/102 HPs)
             Began as an Octopode Transmuter on Oct 17, 2022.
             Was an Initiate of Gozag.
             Slain by Polyphemus (9 damage)
             ... in the Dungeon (Sprint III: "The Ten Rune Challenge").
             The game lasted 00:15:39 (4062 turns).

rocky1 the Black Belt (Octopode Transmuter)         Turns: 4062, Time: 00:15:41

Health: -1/102     AC:  9    Str: 10    XL:     11   Next: 65%
Magic:  24/24      EV: 14    Int: 19    God:    Gozag
Gold:   1489       SH:  0    Dex: 13    Spells: 19/29 levels left

rFire   x . .      SeeInvis .      - Unarmed
rCold   + + +      Faith    .    (shield currently unavailable)
rNeg    . . .      Spirit   .    (helmet currently unavailable)
rPois   +          Reflect  .    (no amulet)
rElec   .          Harm     .    (no ring)
rCorr   .          Rampage  .    (no ring)
Will    .....      NoTele   +    (no ring)
Stlth   +++++.....               (no ring)
HPRegen 0.37/turn                (no ring)
MPRegen 0.19/turn                (no ring)
                                 (no ring)
                                 (no ring)

@: brilliant, ice-form (expiring), gold aura
A: freezing attack, boosted hp, almost no armour, amphibious, 8 rings, large,
(camouflage 1), (gelatinous body 1), (nimble swimmer 1), (tentacles)
a: End Transformation, Renounce Religion, Potion Petition, Call Merchant, Bribe
Branch


You were in the Dungeon.
You worshipped Gozag.
Gozag was most pleased with you.
You were a creature of crystalline ice.
You visited 1 branch You collected 3815 gold pieces.
You paid 2326 gold pieces to Gozag.

Inventory:

Jewellery
 f - the amulet "Wejoinal" {Spirit Int+3 Dex+3}
   (You found it in the Dungeon)

   [amulet of guardian spirit]

   It causes incoming damage to be divided between your reserves of health and
   magic.
   Int:       It affects your intelligence (+3).
   Dex:       It affects your dexterity (+3).
 w - the dreamshard necklace {*Dream Drain}
   (You found it in the Dungeon)

   [amulet of nothing]

   It shatters if its wearer takes lethal or near-lethal damage, preventing the
   blow and releasing protective dreams that heal and fight for the wearer.
   Drain:     It drains your maximum health when unequipped.
Wands
 c - a wand of digging (5)
 o - a wand of charming (11)
 t - a wand of light (11)
 y - a wand of polymorph (7)
Scrolls
 g - 2 scrolls of blinking
 h - 2 scrolls of poison {unknown}
 i - 6 scrolls of identify {unknown}
 q - 2 scrolls of brand weapon {unknown}
 r - a scroll of silence {unknown}
 v - a scroll of fear {unknown}
 x - a scroll of enchant weapon {unknown}
Potions
 a - a potion of lignification
 b - 3 potions of curing
 d - a potion of haste
 e - 2 potions of magic
 j - a potion of brilliance {unknown}
 k - a potion of ambrosia {unknown}
 l - 2 potions of flight {unknown}
 m - 5 potions of mutation
 p - a potion of might
 s - a potion of berserk rage
 u - a potion of degeneration {unknown}
Miscellaneous
 n - a lightning rod (4/4)


   Skills:
 * Level 11.7 Fighting
 + Level 10.0 Dodging
 + Level 12.9 Stealth
 + Level 17.1 Unarmed Combat
 + Level 9.5 Spellcasting
 + Level 9.8 Transmutations
 + Level 5.8 Ice Magic
 + Level 3.7 Poison Magic


You had 19 spell levels left.
You knew the following spells:

 Your Spells              Type           Power      Damage    Failure   Level
a - Beastly Appendage     Tmut           100%       N/A       1%          1
b - Spider Form           Tmut/Pois      51%        N/A       1%          3
c - Ice Form              Ice/Tmut       55%        N/A       3%          4
d - Wereblood             Tmut           63%        N/A       1%          2

Your spell library contained the following spells:

 Spells                   Type           Power      Damage    Failure   Level
 Poisonous Vapours        Pois/Air       48%        N/A       5%          2
 Cigotuvi's Dreadful Rot  Necr/Pois/Air  40%        N/A       7%          2
 Mephitic Cloud           Conj/Pois/Air  20%        N/A       14%         3
 Tukima's Dance           Hex            13%        N/A       24%         3
 Yara's Violent Unravell  Hex/Tmut       20%        3d9       28%         5
 Passage of Golubria      Tloc           13%        N/A       61%         4


Dungeon Overview and Level Annotations

Branches:
Dungeon (1/1)

Altars:
Cheibriados
Dithmenos
Elyvilon
Fedhas
Gozag
Hepliaklqana
Kikubaaqudgha
Makhleb
Nemelex Xobeh
Okawaru
Qazlal
Ru
Sif Muna
Trog
Uskayaw
Vehumet
Wu Jian
Xom
Yredelemnul
Zin
The Shining One
Jiyva
Lugonu

Annotations:
D Polyphemus


Innate Abilities, Weirdness & Mutations

You are a creature of crystalline ice.
You have a powerful freezing melee attack.
Your maximum health is increased.
Your armour is entirely melded.
You are incapable of wielding weapons or throwing items.
You cannot wear most types of armour.
You are amphibious.
You can wear up to eight rings at the same time.
((Your skin changes colour to match your surroundings (Stealth+).))
((Your rubbery body absorbs attacks. (AC +1, EV +1)))
((You are camouflaged when in or above water. (Stealth+)))
((You have tentacles for arms and can constrict up to eight enemies at once.))


Message History

You fall asleep.
Polyphemus throws a large rock.
The large rock hits you!
You wake up.
The dream sheep bites you.
Polyphemus roars, "You will make a great snack!"
Attack: -) Ice paws
Press: ? - help, Dir - move target, f - dream sheep
Aim: a dream sheep (about 16% to evade your front paws)
Okay, then.
You pummel the dream sheep!! You freeze the dream sheep.
You kill the dream sheep!
Your transformation is almost over.
Polyphemus hits you!! Polyphemus closely misses you.
You pummel Polyphemus!! You freeze Polyphemus.
Polyphemus is lightly wounded.
Polyphemus hits you. Polyphemus hits you!
You punch Polyphemus! You freeze Polyphemus.
Polyphemus is moderately wounded.
Polyphemus hits you but does no damage. Polyphemus hits you.
You punch Polyphemus! You freeze Polyphemus.
Polyphemus is heavily wounded.
You punch Polyphemus! You freeze Polyphemus.
Polyphemus is heavily wounded.
Polyphemus misses you. Polyphemus hits you!
* * * LOW HITPOINT WARNING * * *
Unknown command. [a] - 520 gold - heal wounds, curing, magic and brilliance [b] - 700 gold - resistance, might, haste and brilliance [c] - 336 gold - curing, magic and heal wounds Purchase which effect?
You feel much better.
You feel better. Magic courses through your body.
You feel clever all of a sudden. Polyphemus hits you!
Polyphemus hits you but does no damage.
Unknown command.
You completely miss Polyphemus.
Polyphemus is heavily wounded.
Polyphemus hits you!!
* * * LOW HITPOINT WARNING * * *
Polyphemus hits you!
You die...
Your body crumbles into a pile of gold.

♣♣♣♣♣♣♣#..♣♣ ♣♣♣# +## ♣
###'♣♣♣♣♣♣♣♣♣♣♣♣♣♣♣♣♣#
#
♣♣♣♣.##..##~~~~~≈..#}.#
♣...##.##.#~~~~≈...#§☼#
♣♣.##.##.##'~~~≈≈####'#
♣..#.##...#~~......☼○#
♣♣.##.##.)#≈.)(#######
♣♣.##.#####...#......#
♣.....##.Y....#♣♣♣(_.#
########C###### #####
▓Y~ ▓≈≈C ▓≈≈≈Y $ ▓≈≈.Y.
▓≈≈≈..≈ ▓≈≈≈≈≈≈≈


You could see Polyphemus and a dream sheep.

Vanquished Creatures
  2 hydras (D)
  Erica (D)
  A centaur warrior (D)
  Urug (D)
  A spriggan druid (D)
  A death drake (D)
  A lindwurm (D)
  A deep elf pyromancer (D)
  2 cane toads (D)
  A rime drake (D)
  2 unseen horrors (D)
  A komodo dragon (D)
  3 wandering mushrooms (D)
  2 tyrant leeches (D)
  5 blink frogs (D)
  A dream sheep (D)
  A shadow (D)
  2 spriggans (D)
  3 redbacks (D)
  A spatial vortex (D)
  2 hydra simulacra (D)
  A swamp drake (D)
  A black mamba simulacrum (D)
  2 centaurs (D)
  An earth elemental (D)
  A necrophage (D)
  A water elemental (D)
  A scorpion (D)
  An electric eel (D)
  A jelly (D)
  A wizard (D)
  Jessica (D)
  A necromancer (D)
  A polar bear simulacrum (D)
  3 humans (D)
  A kobold demonologist (D)
  2 endoplasms (D)
55 creatures vanquished.

Notes
Turn   | Place    | Note
-------+----------+-------------------------------------------
     0 | D        | rocky1 the Octopode Transmuter began the quest for the Orb.
     0 | D        | Reached XP level 1. HP: 13/13 MP: 3/3
    43 | D        | Noticed Jessica
    50 | D        | Killed Jessica
    51 | D        | Reached skill level 1 in Stealth
    51 | D        | Reached skill level 5 in Unarmed Combat
    51 | D        | Reached XP level 2. HP: 2/18 MP: 2/5
    51 | D        | Reached XP level 3. HP: 3/23 MP: 2/7
   353 | D        | Learned a level 3 spell: Spider Form
   490 | D        | Noticed a scorpion
   498 | D        | Killed a scorpion
   499 | D        | Reached skill level 7 in Unarmed Combat
   499 | D        | Reached XP level 4. HP: 28/28 MP: 5/9
   532 | D        | Learned a level 4 spell: Ice Form
   535 | D        | Noticed a water elemental
   539 | D        | Killed a water elemental
   540 | D        | Reached skill level 8 in Unarmed Combat
   540 | D        | Reached XP level 5. HP: 11/33 MP: 5/11
   803 | D        | Noticed a shadow
   808 | D        | Killed a shadow
   809 | D        | Reached skill level 5 in Stealth
   809 | D        | Reached skill level 9 in Unarmed Combat
   809 | D        | Reached skill level 5 in Spellcasting
   809 | D        | Reached skill level 5 in Transmutations
   809 | D        | Reached XP level 6. HP: 38/38 MP: 8/13
   912 | D        | Found a blossoming altar of Fedhas.
   912 | D        | Found a stormy altar of Qazlal.
   912 | D        | Found a snail-covered altar of Cheibriados.
   912 | D        | Found a burning altar of Makhleb.
   912 | D        | Found a shimmering altar of Xom.
   912 | D        | Noticed a spatial vortex
   913 | D        | Found a hazy altar of Hepliaklqana.
   913 | D        | Found an opulent altar of Gozag.
   913 | D        | Found a sparkling altar of Nemelex Xobeh.
   913 | D        | Found a corrupted altar of Lugonu.
   913 | D        | Found a viscous altar of Jiyva.
   924 | D        | Killed a spatial vortex
   925 | D        | Reached skill level 5 in Dodging
   925 | D        | Reached skill level 10 in Unarmed Combat
   925 | D        | Reached XP level 7. HP: 45/45 MP: 11/15
   928 | D        | Became a worshipper of Gozag Ym Sagoz the Greedy
   944 | D        | Found a basalt altar of Yredelemnul.
   944 | D        | Found a shadowy altar of Dithmenos.
   944 | D        | Found a sacrificial altar of Ru.
  1092 | D        | Found a hide-covered altar of Uskayaw.
  1092 | D        | Found an iron altar of Okawaru.
  1092 | D        | Found a bloodstained altar of Trog.
  1092 | D        | Found an ornate altar of the Wu Jian Council.
  1092 | D        | Noticed a human
  1093 | D        | Noticed a human
  1098 | D        | Killed a human
  1099 | D        | Reached skill level 11 in Unarmed Combat
  1099 | D        | Reached skill level 1 in Ice Magic
  1109 | D        | Killed a human
  1110 | D        | Reached skill level 1 in Poison Magic
  1125 | D        | Found a glowing silver altar of Zin.
  1125 | D        | Found a glowing golden altar of the Shining One.
  1125 | D        | Found a white marble altar of Elyvilon.
  1126 | D        | Noticed a deep elf pyromancer
  1129 | D        | Noticed a fire elemental
  1129 | D        | Noticed a fire elemental
  1135 | D        | Killed a deep elf pyromancer
  1136 | D        | Reached skill level 5 in Fighting
  1136 | D        | Reached skill level 12 in Unarmed Combat
  1136 | D        | Reached XP level 8. HP: 31/57 MP: 14/18
  1232 | D        | Found a radiant altar of Vehumet.
  1232 | D        | Found a shimmering blue altar of Sif Muna.
  1232 | D        | Found an ancient bone altar of Kikubaaqudgha.
  1269 | D        | Noticed Erica
  1447 | D        | Killed Erica
  1448 | D        | Reached XP level 9. HP: 41/64 MP: 17/20
  1666 | D        | Reached skill level 13 in Unarmed Combat
  1833 | D        | Noticed a centaur warrior
  1846 | D        | Killed a centaur warrior
  1852 | D        | Reached skill level 10 in Stealth
  2046 | D        | Killed an unseen horror
  2050 | D        | Killed an unseen horror
  2051 | D        | Reached skill level 14 in Unarmed Combat
  2269 | D        | Noticed a wandering mushroom
  2274 | D        | Noticed a wandering mushroom
  2276 | D        | Noticed a wandering mushroom
  2279 | D        | Killed a wandering mushroom
  2280 | D        | Reached XP level 10. HP: 73/73 MP: 19/22
  2421 | D        | Noticed a cane toad
  2421 | D        | Noticed a cane toad
  2424 | D        | Killed a cane toad
  2427 | D        | Killed a cane toad
  2564 | D        | Learned a level 2 spell: Wereblood
  2570 | D        | Reached skill level 15 in Unarmed Combat
  2592 | D        | Reached skill level 10 in Fighting
  3051 | D        | Noticed a lindwurm
  3059 | D        | Killed a lindwurm
  3060 | D        | Reached skill level 16 in Unarmed Combat
  3060 | D        | Reached skill level 5 in Ice Magic
  3060 | D        | Reached XP level 11. HP: 39/82 MP: 21/23
  3320 | D        | Noticed Urug
  3326 | D        | Killed Urug
  3336 | D        | Noticed a seven-headed hydra
  3336 | D        | Noticed a six-headed hydra
  3342 | D        | Noticed a death drake
  3347 | D        | Killed a death drake
  3366 | D        | Killed a six-headed hydra
  3367 | D        | Killed a seven-headed hydra
  3652 | D        | Noticed a spriggan druid
  3657 | D        | Killed a spriggan druid
  3658 | D        | Found a blossoming altar of Fedhas.
  3666 | D        | Reached skill level 17 in Unarmed Combat
  3864 | D        | Found the dreamshard necklace {*Dream Drain}
  3875 | D        | Reached skill level 10 in Dodging
  3882 | D        | Identified the amulet "Wejoinal" {Spirit Int+3 Dex+3}
  4041 | D        | Noticed Polyphemus
  4062 | D        | Slain by Polyphemus

Illustrated notes

Levels and vault maps discovered:
D:        dungeon_sprint_mu [sprint_mu_entry_cave, sprint_mu_temple_rooms,
          sprint_mu_d1_horrors, sprint_mu_d2_genie, sprint_mu_d3_branching,
          sprint_mu_orc_legion, sprint_mu_elf_gauntlet, sprint_mu_hive_nellie,
          sprint_mu_lair_fedhas, sprint_mu_vaults_butterflies,
          sprint_mu_slime_circle, sprint_mu_shoals_archi,
          sprint_mu_snake_twists, sprint_mu_blade_basic,
          sprint_mu_crypt_fortress, sprint_mu_tomb_spiral,
          sprint_mu_vestibule_basic, sprint_mu_gehenna_hellfire,
          sprint_mu_dis_giant, sprint_mu_tartarus_statrot,
          sprint_mu_cocytus_islands, sprint_mu_zot1]

Skill      XL: |  1  2  3  4  5  6  7  8  9 10 11 |
---------------+----------------------------------+-----
Stealth        | 1 3 5 6 7 9 10 12 | 12.9
Unarmed Combat | 5 7 8 9 10 12 14 16 17 | 17.1
Dodging        | 3 4 5 7 9 10 | 10.0
Spellcasting   | 3 4 5 6 7 8 9 |  9.5
Transmutations | 3 4 5 7 8 9 |  9.8
Fighting       | 2 5 7 8 10 11 | 11.7
Ice Magic      | 2 3 5 |  5.8
Poison Magic   | 1 2 3 |  3.7

Action                   |  1- 3 |  4- 6 |  7- 9 | 10-12 || total
-------------------------+-------+-------+-------+-------++-------
Melee: Unarmed           |    20 |    15 |    80 |   101 ||   216
       Kick              |     2 |       |       |       ||     2
       Constrict         |     1 |       |       |       ||     1
 Cast: Beastly Appendage |     3 |       |       |       ||     3
       Spider Form       |     2 |       |     3 |     1 ||     6
       Ice Form          |       |     3 |     7 |     9 ||    19
       Wereblood         |       |       |       |     3 ||     3
Invok: Potion Petition   |       |       |     2 |     3 ||     5
  Use: Potion            |       |       |     2 |       ||     2
 Stab: Sleeping          |     2 |     1 |     4 |     7 ||    14
       Distracted        |       |       |       |     1 ||     1
       Invisible         |       |       |       |     1 ||     1
Armor: Skin              |       |       |    38 |    10 ||    48
Dodge: Dodged            |    11 |     2 |    56 |    33 ||   102

Table legend: (Time is in decaauts)
 A = Elapsed time spent in this place.
 B = Non-inter-level travel time spent in this place.
 C = Inter-level travel time spent in this place.
 D = Time resting spent in this place.
 E = Time spent auto-exploring this place.
 F = Levels seen in this place.
 G = Mean time per level.
                   A        B        C        D        E       F      G
               +--------+--------+--------+--------+--------+-----+--------+
         Total |   4047 |   4047 |      0 |   3214 |     32 |   1 | 4047.0 |
       Dungeon |   4047 |   4047 |      0 |   3214 |     32 |   1 | 4047.0 |
               +--------+--------+--------+--------+--------+-----+--------+

Top non-repeatable levels by time:
       D: 4047 daAuts
